 Dungeon Crawl Stone Soup version 0.29.0-11-gd7f09526c8 (webtiles) character file.

Game seed: 196436841648354601

519282 ragingrage the Sorcerer (level 26, -1/144 HPs)
             Began as a Kobold Hedge Wizard on Sept 7, 2022.
             Was the Champion of Hepliaklqana.
             Slain by a death cob (19 damage)
             ... on level 1 of the Realm of Zot.
             The game lasted 02:33:43 (97827 turns).

ragingrage the Sorcerer (Kobold Hedge Wizard)      Turns: 97827, Time: 02:33:44

Health: -1/144     AC: 22    Str: 13    XL:     26   Next: 52%
Magic:  39/58      EV: 21    Int: 37    God:    Hepliaklqana [******]
Gold:   4770       SH:  0    Dex: 18    Spells: 12/69 levels left

rFire   + + .      SeeInvis .   a - staff of conjuration
rCold   + + .      Faith    .   (shield currently unavailable)
rNeg    + + .      Spirit   .   i - +6 scale mail of Makhleb's Condemnation {rC+}
rPois   +          Reflect  .   r - +2 helmet
rElec   +          Harm     .   G - scarf {rC+ rF+}
rCorr   +          Rampage  .   s - +0 pair of gloves "Qimet" {Contam rN++ Int+9}
Will    ++...                   Q - +2 pair of boots {Stlth+}
Stlth   +++++.....              k - amulet of the Seeker {Regen+ Str+4}
HPRegen 1.14/turn               J - ring "Siuwnoiq" {rPois rF+ Int+3 Dex+3 Slay+4}
MPRegen 0.36/turn               M - ring "Fuuf" {rElec Will+ rCorr MP+9}

@: slowed, very slow
A: reduced essence, small, no large weapons, nightstalker 3
}: 3/15 runes: barnacled, silver, gossamer
a: Renounce Religion, Recall Ancestor, Ancestor Identity, Transference, Idealise


You were on level 1 of the Realm of Zot.
You worshipped Hepliaklqana.
Hepliaklqana was exalted by your worship.
You visited 11 branches of the dungeon, and saw 45 of its levels.
You visited 1 bazaar.
You also visited: Ossuary and Gauntlet.

You collected 8753 gold pieces.
You spent 3983 gold pieces at shops.

Inventory:

Hand Weapons
 Z - a +8 eveningstar of draining
Missiles
 x - 85 poisoned darts
 O - 5 throwing nets
 R - 9 curare-tipped darts
Armour
 i - the +6 scale mail of Makhleb's Condemnation (worn) {rC+}
   (You bought it in a shop on level 5 of the Vaults)

   rC:        It protects you from cold.
 l - a +2 kite shield
 r - a +2 helmet (worn)
 s - the +0 pair of gloves "Qimet" (worn) {Contam rN++ Int+9}
   (You found it on level 15 of the Dungeon)

   Int:       It affects your intelligence (+9).
   rN:        It greatly protects you from negative energy.
   Contam:    It causes magical contamination when unequipped.
 G - a scarf of resistance (worn)
 Q - a +2 pair of boots of stealth (worn)
Magical Staves
 a - a staff of conjuration (weapon)
Jewellery
 k - the amulet of the Seeker (around neck) {Regen+ Str+4}
   (You found it on level 2 of the Orcish Mines)

   [amulet of regeneration]

   Str:       It affects your strength (+4).
   Regen:     It increases your rate of health regeneration.
 t - a ring of see invisible
 u - an amulet of the acrobat
 J - the ring "Siuwnoiq" (left hand) {rPois rF+ Int+3 Dex+3 Slay+4}
   (You acquired it on level 5 of the Vaults)

   [ring of slaying]

   Int:       It affects your intelligence (+3).
   Dex:       It affects your dexterity (+3).
   Slay:      It affects your accuracy & damage with ranged weapons and melee
   (+4).
   rF:        It protects you from fire.
   rPois:     It protects you from poison.
 M - the ring "Fuuf" (right hand) {rElec Will+ rCorr MP+9}
   (You found it on level 15 of the Dungeon)

   [ring of resist corrosion]

   rElec:     It insulates you from electricity.
   MP:        It affects your magic capacity (+9).
   rCorr:     It protects you from acid and corrosion.
   Will:      It increases your willpower.
Wands
 b - a wand of polymorph (3)
 I - a wand of digging (31)
 K - a wand of charming (30)
 T - a wand of quicksilver (17)
 V - a wand of roots (17)
 X - a wand of flame (86)
Scrolls
 c - 6 scrolls of amnesia
 e - 6 scrolls of poison
 n - 3 scrolls of torment
 o - 16 scrolls of teleportation
 y - 2 scrolls of vulnerability
 A - 8 scrolls of blinking
 E - 4 scrolls of enchant armour
 L - 8 scrolls of butterflies
 S - 3 scrolls of fear
 W - 4 scrolls of summoning
 Y - 4 scrolls of magic mapping
Potions
 d - 5 potions of magic
 f - 7 potions of mutation
 g - 5 potions of cancellation
 h - 6 potions of flight
 m - 6 potions of ambrosia
 p - 9 potions of haste
 q - 16 potions of curing
 v - 7 potions of might
 z - 8 potions of lignification
 B - 7 potions of brilliance
 C - 7 potions of attraction
 D - 6 potions of berserk rage
 F - 13 potions of heal wounds
 N - 3 potions of invisibility
 U - 4 potions of resistance
Miscellaneous
 j - a condenser vane
 w - a box of beasts (inert)


   Skills:
 - Level 15.0 Fighting
 + Level 8.8 Armour
 - Level 17.0 Dodging
 - Level 10.0 Stealth
 + Level 7.5 Shields
 - Level 22.0 Spellcasting
 - Level 21.0 Conjurations
 - Level 3.7 Summonings
 - Level 2.1 Translocations
 - Level 7.0 Fire Magic
 + Level 15.2 Earth Magic
 - Level 7.0 Invocations
 - Level 15.0 Evocations


You had 12 spell levels left.
You knew the following spells:

 Your Spells              Type           Power      Damage    Failure   Level
a - Magic Dart            Conj           100%       1d8       0%          1
b - Call Imp              Summ           62%        N/A       1%          2
c - Foxfire               Conj/Fire      100%       2x1d9     0%          1
d - Blink                 Tloc           100%       N/A       1%          2
e - Mephitic Cloud        Conj/Pois/Air  95%        N/A       1%          3
f - Scorch                Fire           100%       2d10      1%          2
g - Iskenderun's Battles  Conj           100%       2d15      0%          5
h - Orb of Destruction    Conj           69%        9d16      1%          7
i - Fulminant Prism       Conj/Hex       54%        3d23      1%          4
j - Searing Ray           Conj           100%       2d8       0%          2
k - Stone Arrow           Conj/Erth      100%       3d13      0%          3
l - Iron Shot             Conj/Erth      66%        9d12      1%          6
m - Lehudib's Crystal Sp  Conj/Erth      66%        10d15     9%          8
n - Iskenderun's Mystic   Conj/Tloc      100%       2d19      1%          4
o - Leda's Liquefaction   Hex/Erth       38%        N/A       1%          4
p - Swiftness             Air            40%        N/A       7%          3

Your spell library contained the following spells:

 Spells                   Type           Power      Damage    Failure   Level
 Sandblast                Erth           100%       2d20      0%          1
 Passwall                 Tmut/Erth      64%        N/A       1%          2
 Static Discharge         Conj/Air       100%       3-16/arc  1%          2
 Conjure Flame            Conj/Fire      100%       6-21      1%          3
 Animate Armour           Summ/Erth      100%       N/A       1%          4
 Hailstorm                Conj/Ice       100%       3d20      1%          4
 Petrify                  Tmut/Erth      77%        N/A       1%          4
 Lee's Rapid Deconstruct  Erth           50%        3d25*     1%          5
 Lightning Bolt           Conj/Air       54%        1d76      1%          5
 Beastly Appendage        Tmut           80%        N/A       2%          1
 Freeze                   Ice            100%       1d11      2%          1
 Necrotise                Necr           100%       1d9       2%          1
 Slow                     Hex            100%       N/A       2%          1
 Ensorcelled Hibernation  Hex/Ice        80%        N/A       3%          2
 Poisonous Vapours        Pois/Air       80%        N/A       3%          2
 Wereblood                Tmut           40%        N/A       3%          2
 Summon Guardian Golem    Hex/Summ       53%        N/A       3%          3
 Confusing Touch          Hex            40%        N/A       7%          3
 Frozen Ramparts          Ice            80%        1d13      7%          3
 Spider Form              Tmut/Pois      40%        N/A       7%          3
 Tukima's Dance           Hex            40%        N/A       7%          3
 Vampiric Draining        Necr           40%        2d8       7%          3
 Passage of Golubria      Tloc           54%        N/A       10%         4
 Summon Ice Beast         Ice/Summ       53%        N/A       11%         4
 Summon Lightning Spire   Summ/Air       53%        N/A       11%         4
 Spellforged Servitor     Conj/Summ      57%        N/A       12%         7
 Statue Form              Tmut/Erth      51%        N/A       16%         6
 Summon Forest            Summ/Tloc      29%        N/A       19%         5
 Corpse Rot               Necr/Pois/Air  40%        N/A       22%         4
 Dispel Undead            Necr           40%        3d16      22%         4
 Ice Form                 Ice/Tmut       40%        N/A       22%         4
 Manifold Assault         Tloc           54%        N/A       26%         5
 Summon Mana Viper        Hex/Summ       53%        N/A       30%         5
 Agony                    Necr           40%        N/A       54%         5
 Blade Hands              Tmut           20%        N/A       54%         5
 Metabolic Englaciation   Hex/Ice        20%        N/A       54%         5
 Yara's Violent Unravell  Hex/Tmut       20%        3d9       54%         5
 Summon Cactus Giant      Summ           31%        N/A       58%         6
 Death Channel            Necr           20%        N/A       98%         6
 Eringya's Noxious Bog    Tmut/Pois      20%        N/A       98%         6
 Summon Hydra             Summ           31%        N/A       99%         7
 Enfeeble                 Hex            20%        N/A       100%        7
 Storm Form               Tmut/Air       20%        N/A       100%        7
 Ignition                 Fire           37%        3d11      100%        8
 Maxwell's Capacitive Co  Air            20%        ∞         100%        8
 Fire Storm               Conj/Fire      60%        8d15      100%        9


Dungeon Overview and Level Annotations

Branches:
Dungeon (15/15)            Temple (1/1) D:5            Lair (5/5) D:11
 Shoals (4/4) Lair:2       Spider (4/4) Lair:3        Slime (1/5) Lair:5
    Orc (2/2) D:12            Elf (3/3) Orc:2        Vaults (5/5) D:14
  Crypt (0/3) Vaults:3     Depths (4/4) D:15            Zot (1/5) Depths:4
Ossuary (visited)         Gauntlet (visited)

Altars:
Ashenzari
Cheibriados
Dithmenos
Elyvilon
Fedhas
Gozag
Hepliaklqana
Kikubaaqudgha
Makhleb
Nemelex Xobeh
Okawaru
Qazlal
Ru
Sif Muna
Trog
Uskayaw
Vehumet
Wu Jian
Xom
Yredelemnul
Zin
The Shining One
Jiyva

Shops:
Orc:2 [*::   Shoals:3 *   Shoals:4 :   Vaults:2 [   Vaults:5 [=!?![!!
Depths:1 =:=   Depths:3 (:(:

Portals:
Hell: Depths:1 Depths:2 Depths:3 Depths:4
Abyss: Depths:3
Pandemonium: Depths:2 Depths:3
Ziggurat: Depths:4
Trove: Depths:1 (give +4 fire dragon scales)

Annotations:
D:4 exclusion: scorpion
D:7 1 exclusion
D:8 exclusion: downstairs
D:13 exclusion: downstairs
D:14 exclusion: 2 downstairs
Lair:3 3 runed translucent doors, exclusion: downstairs
Lair:4 exclusion: downstairs
Shoals:3 exclusions: 2 downstairs, kraken and 2 more exclusions
Shoals:4 Ilsuiw
Spider:3 exclusion: downstairs
Elf:1 36 runed doors, Louise
Elf:2 3 runed translucent doors
Depths:1 6 transporters, 1 runed translucent door, exclusion: downstairs


Innate Abilities, Weirdness & Mutations

Your life essence is reduced to manifest your ancestor. (-10% HP)
You are small and have problems with some larger weapons.
You are completely attuned to the shadows.


Message History

The golden dragon tramples you!
You hold your ground!
Eadburga hits the golden dragon with a +0 broad axe of speed!
Eadburga hits the green draconian with a +0 broad axe of speed!
Eadburga barely misses the death cob.
Unknown command.
The death cob hits you!
The death cob hits you but does no damage.
The white draconian misses you.
The green draconian completely misses you.
Eadburga blocks the green draconian's attack.
The green draconian tail-slaps you but does no damage.
The moth of wrath goads the white draconian on!
The white draconian goes berserk!
The golden dragon bites you but does no damage.
The golden dragon misses you. The golden dragon closely misses you.
The death cob hits you!!
* * * LOW HITPOINT WARNING * * *
The death cob drains your vigour!
You feel as though you will be slow longer.
Eadburga hits the golden dragon with a +0 broad axe of speed!
Eadburga barely misses the moth of wrath.
Eadburga hits the green draconian with a +0 broad axe of speed.
Eadburga hits the death cob with a +0 broad axe of speed.
The white draconian hits you from afar with a +0 vorpal halberd!
* * * LOW HITPOINT WARNING * * *
x2 The green draconian hits Eadburga with a +0 battleaxe!!!
The green draconian closely misses you.
The green draconian tail-slaps Eadburga.
Eadburga blocks the moth of wrath's attack.
There is an open door, spattered with blood here.
Blink to where?
Press: ? - help, Dir - move target, p - moth of wrath
As you read the scroll of blinking, it crumbles to dust.
The golden dragon rages. x2
You open the lid... ...and a mature weirdox beast leaps out!
The box is emptied!
The death cob hits you.
* * * LOW HITPOINT WARNING * * *
The death cob hits you!!
You die...

#°...# #.# #.y..# #..
#.R..# #*# #.d.d#
####.# ##d### ......
#.# #.####.# #D# #.#
#.# #z# #.# #.# #@#
###.####.. # #H#
#.........
#.##.#######.########
..............#
####.#######.##
#.........#
#.#######.# #.# #.#
### ###


You could see a golden dragon (berserk), a white draconian (berserk), a death
cob (ally target) and a friendly mature weirdox beast (summoned, wandering).

Vanquished Creatures
  An orb of fire (Zot:1)
  Mara (Depths:3)
  3 juggernauts (Depths:3)
  Vv (Depths:2)
  Xtahua (Vaults:2)
  2 golden dragons (Vaults:5)
  Jory (Depths:3)
  Arachne (Spider:3)
  A bone dragon (Depths:4)
  2 tentacled monstrosities
  2 liches
  A titan (Vaults:5)
  A deep elf master archer (Elf:3)
  An acid blob (Slime:1)
  4 sphinxes
  A death cob (Depths:4)
  6 storm dragons
  3 tengu reavers
  6 shadow dragons
  Donald (Orc:2)
  A revenant (Vaults:3)
  3 emperor scorpions (Spider:4)
  The ghost of Uwkoecio the Severer, a journeyman HOFi of Okawaru (D:15)
  A draconian scorcher (Zot:1)
  A draconian knight (Depths:4)
  A draconian monk (Depths:4)
  An azure jelly (Slime:1)
  A fire giant (Vaults:5)
  8 vault wardens
  3 frost giants
  4 deep elf sorcerers
  The ghost of Kefanin the Geomancer, an adept GrEE of Vehumet (D:15)
  2 iron dragons
  A cacodemon (Depths:4)
  4 ghost moths (Spider:4)
  Aizul (Elf:1)
  The ghost of Xiestris the Carver, a journeyman DsGl of Makhleb (D:15)
  A fire giant (shapeshifter) (Vaults:5)
  A balrug (Depths:4)
  3 draconian shifters (Zot:1)
  A quicksilver ooze (Slime:1)
  2 deep elf elementalists (Elf:3)
  2 draconian annihilators
  A broodmother (Spider:3)
  A juggernaut skeleton (Depths:3)
  8 stone giants
  2 spriggan defenders
  8 ironbound thunderhulks
  6 very ugly things
  6 ironbound preservers
  Nessos (D:15)
  5 entropy weavers
  4 deep elf demonologists
  A white draconian (Depths:4)
  A vampire knight (Depths:4)
  3 red draconians
  7 deep elf annihilators (Elf:3)
  A dire elephant (shapeshifter) (Vaults:5)
  A black draconian (Zot:1)
  5 spark wasps
  A dire elephant (Vaults:2)
  The ghost of Thoth777 the Cleaver, a journeyman TrFi of Gozag (Orc:2)
  Azrael (D:15)
  2 purple draconians (Depths:4)
  A bunyip (shapeshifter) (Vaults:5)
  4 deep elf death magi (Elf:3)
  2 merfolk javelineers
  A jiangshi (Vaults:3)
  The ghost of Vuirau the Carver, a journeyman DsGl of Okawaru (D:15)
  6 ettins
  6 merfolk impalers
  3 great orbs of eyes
  A fire dragon (Depths:2)
  8 yaktaur captains
  2 deep elf high priests
  19 vault guards
  6 boulder beetles
  2 rakshasas
  3 hydras
  A merfolk avatar (Shoals:4)
  4 catoblepae
  A jorogumo (Spider:4)
  An ice dragon (Depths:2)
  7 ironbound frosthearts
  A spriggan skeleton (Depths:3)
  3 centaur warriors
  3 ogre magi
  2 radroaches (Spider:1)
  3 alligator snapping turtles
  4 death yaks
  2 two-headed ogres
  16 dancing weapons
  3 deep troll earth magi
  4 deep troll shamans
  18 slime creatures
  A titan zombie (Depths:3)
  Urug (Lair:5)
  6 tengu warriors
  A vampire mage (Depths:1)
  3 orc high priests
  4 spriggan berserkers
  A hell knight (Depths:4)
  10 deep elf knights
  2 iron trolls (Depths:2)
  Nergalle (D:11)
  A titan skeleton (Vaults:3)
  The ghost of smilodon the Skirmisher, a novice DrHu of the Shining One (D:8)
  3 soul eaters (Depths:4)
  A skeletal warrior (Vaults:3)
  13 deep trolls
  A sixfirhy (Depths:4)
  6 pharaoh ants
  A sun moth (Spider:4)
  6 steelbarb worms
  A steelbarb worm (shapeshifter) (D:15)
  7 orb spiders
  6 sea snakes
  A flayed ghost (Vaults:5)
  An obsidian statue (Depths:4)
  4 lindwurms
  A phantasmal warrior (Vaults:5)
  3 orc knights
  11 ironbound convokers
  2 wizards
  5 deep elf archers
  16 harpies
  22 wolf spiders
  15 deep elf pyromancers
  14 deep elf zephyrmancers
  A harpy (shapeshifter) (D:13)
  4 necromancers
  An oklob plant (Gauntlet)
  4 orc sorcerers (Orc:2)
  A salamander (D:15)
  5 fauns
  24 ugly things
  6 cyclopes
  A manticore (shapeshifter) (Vaults:5)
  9 manticores
  9 moths of wrath
  4 merfolk sirens
  6 elephants
  A black mamba (Lair:5)
  A frost giant skeleton (Depths:3)
  2 water nymphs
  10 vault sentinels
  7 unseen horror zombies (D:9)
  An orange demon (Depths:2)
  A gargoyle (D:13)
  4 cane toads
  A torpor snail (Spider:4)
  A hellion (Depths:4)
  A rime drake (Lair:5)
  A kobold demonologist (D:11)
  36 yaktaurs
  4 hellwings
  4 komodo dragons
  7 demonic crawlers
  3 efreet
  A freezing wraith (D:15)
  A yaktaur skeleton (Vaults:3)
  2 hornets
  14 merfolk
  Prince Ribbit (D:8)
  A troll (D:11)
  An ice devil (Depths:4)
  3 meliai
  3 red devils
  4 wind drakes
  13 tarantellas
  A polar bear (Lair:2)
  13 blink frogs
  5 dream sheep (Lair:5)
  2 snapping turtles
  26 jumping spiders
  15 culicivoras
  An air elemental (Elf:3)
  An ettin skeleton (Vaults:3)
  A shadow (D:12)
  29 yaks
  4 water elementals
  6 wraiths
  2 ynoxinuls
  5 wyverns
  2 neqoxecs
  4 basilisks
  2 steam dragons (Lair:4)
  44 redbacks
  8 vampire mosquitoes
  An acid dragon (Gauntlet)
  5 wargs
  A floating eye (Depths:3)
  2 hell hounds (D:15)
  12 water moccasins
  2 black bears (D:7)
  13 orc warriors
  10 wolves
  5 centaurs
  8 ogres
  2 phantoms
  5 kobold brigands
  2 earth elementals
  2 necrophages (D:6)
  A gnoll sergeant (D:10)
  11 bullfrogs
  8 scorpions
  A glowing shapeshifter simulacrum (Vaults:3)
  2 troll zombies (D:12)
  13 wights
  6 killer bees
  An electric eel (D:7)
  11 howler monkeys
  2 lava snakes (D:7)
  6 centaur zombies (D:9)
  7 hounds
  2 jellies
  11 orc priests
  A gnoll bouda (D:5)
  6 iguanas
  An ancestor (D:11)
  13 orc wizards
  2 ogre zombies (D:12)
  A gnoll (shapeshifter) (Vaults:5)
  2 howler monkey zombies (D:9)
  6 adders
  16 gnolls
  A shadow imp (D:6)
  An ufetubus (D:5)
  An adder zombie (Ossuary)
  A dart slug (D:3)
  59 orcs
  8 ball pythons
  7 endoplasms
  11 giant cockroaches
  5 goblins
  7 hobgoblins
  4 jackals (D:3)
  15 kobolds
  3 quokkas
  3 bats (D:3)
  A frilled lizard (D:2)
  A goblin zombie (D:12)
  5 hobgoblin skeletons
  A hobgoblin zombie (D:12)
  4 orc skeletons
  11 orc zombies
  2 rats
  2 fulminant prisms
1189 creatures vanquished.

Vanquished Creatures (collateral kills)
  A golden dragon (Vaults:5)
  A bone dragon (Depths:4)
  3 tentacled monstrosities
  A deep elf blademaster (Elf:3)
  An acid blob (Lair:5)
  A sphinx (Vaults:5)
  Frances (Spider:1)
  A tengu reaver (Vaults:5)
  Agnes (D:15)
  2 death cobs
  2 storm dragons
  2 shadow dragons
  A draconian monk (Depths:4)
  The ghost of Jussuw Iff the Bringer of Law, an adept KoGl of Zin (D:15)
  7 frost giants
  A balrug (Depths:3)
  4 fire giants (Vaults:5)
  3 deep elf sorcerers
  6 vault wardens
  The ghost of Ruat the Sorcerer, an adept DECj of Sif Muna (D:15)
  3 ghost moths (Spider:4)
  A cacodemon (Depths:4)
  A deep elf elementalist (Elf:3)
  The ghost of MuffinSoup the Devastator, a journeyman OpHW of Vehumet (D:15)
  2 angels (Vaults:2)
  A war gargoyle (Vaults:5)
  5 ironbound preservers
  3 stone giants
  A ghoul (Vaults:3)
  2 spriggan defenders (Depths:4)
  An ironbound thunderhulk (Vaults:3)
  A vampire knight (Depths:3)
  6 very ugly things
  4 deep elf demonologists
  3 dire elephants
  3 entropy weavers
  6 deep elf annihilators
  A yellow draconian (Depths:4)
  A spark wasp (Depths:3)
  A purple draconian (Zot:1)
  Snorg (Lair:3)
  10 ettins
  3 merfolk impalers
  6 fire dragons
  2 merfolk javelineers (Shoals:4)
  8 yaktaur captains
  A deep elf high priest (Vaults:5)
  A rakshasa (Depths:1)
  5 great orbs of eyes
  16 vault guards
  A boulder beetle (D:15)
  2 ogre magi
  5 ice dragons
  2 hell beasts (Depths:4)
  2 catoblepae (Lair:5)
  9 centaur warriors
  3 radroaches
  2 ironbound frosthearts
  Erica (Lair:1)
  2 spriggan air magi (Depths:2)
  3 alligator snapping turtles (Shoals:3)
  10 dancing weapons
  4 jorogumos (Spider:4)
  2 merfolk aquamancers (Shoals:4)
  2 two-headed ogres
  2 deep troll earth magi (Depths:3)
  A deep troll shaman (Depths:2)
  6 death yaks
  2 spriggan berserkers
  An orc high priest (Orc:2)
  5 deep elf knights
  2 sun moths
  2 iron trolls
  3 steelbarb worms
  4 pharaoh ants
  7 orb spiders
  12 deep trolls
  5 sea snakes
  2 deep elf archers
  A glowing orange brain (Depths:1)
  5 lindwurms
  6 orc knights
  6 deep elf pyromancers (Elf:1)
  5 harpies
  A phantasmal warrior (Vaults:3)
  8 ironbound convokers
  10 deep elf zephyrmancers
  11 ugly things
  2 wizards
  A faun (Shoals:3)
  An orc sorcerer (Elf:1)
  4 cyclopes
  A stone giant zombie (Depths:1)
  14 wolf spiders
  2 fire giant zombies (Depths:1)
  4 manticores
  3 moths of wrath
  3 merfolk sirens
  2 elephants
  7 vault sentinels
  2 cane toads
  A smoke demon (Depths:2)
  2 torpor snails
  4 demonic crawlers
  2 orange demons (Depths:4)
  A kobold demonologist (D:11)
  10 yaktaurs
  A rime drake (Lair:2)
  An efreet (D:10)
  A gargoyle (D:13)
  A hellion (Depths:2)
  2 freezing wraiths
  5 komodo dragons
  An ice devil (Depths:2)
  A red devil (Depths:4)
  5 meliai
  10 merfolk
  A wind drake (Shoals:4)
  A troll (D:14)
  3 hornets
  A polar bear (Lair:5)
  A polar bear (shapeshifter) (D:15)
  13 tarantellas
  19 slime creatures
  A dream sheep (Lair:5)
  3 snapping turtles
  5 blink frogs
  14 jumping spiders
  3 shadows (D:12)
  3 spriggans
  A water elemental (Shoals:3)
  2 basilisks
  A wraith (D:13)
  14 yaks
  8 culicivoras
  3 fire elementals
  A golden eye (D:13)
  30 redbacks
  2 vampire mosquitoes (D:13)
  4 wargs
  3 water moccasins
  4 hell hounds (D:15)
  Duvessa (D:6)
  9 orc warriors
  A boggart (D:14)
  4 ogres
  4 wolves
  2 centaurs (D:13)
  3 kobold brigands
  6 bullfrogs
  A scorpion (D:5)
  Dowan (D:6)
  Crazy Yiuf (D:6)
  5 orc priests
  4 orc wizards
  4 ogre zombies (D:12)
  8 orcs
  2 giant cockroaches (D:3)
  A hobgoblin (D:2)
  A bat (D:2)
  A goblin skeleton (D:12)
  2 goblin zombies (D:12)
  A hobgoblin zombie (D:12)
  2 kobolds
  8 orc zombies (D:12)
605 creatures vanquished.

Vanquished Creatures (others)
  A fire dragon (Depths:4)
  A yaktaur captain (Vaults:3)
  2 centaur warriors
  A deep elf knight (Elf:1)
  A vault sentinel (Vaults:1)
  4 yaktaurs
  An orc warrior (D:15)
  21 knights
  6 ancestors
  4 bushes (D:11)
  480 foxfires
  101 fulminant prisms
  45 fungi
  283 plants
  6 tentacles (Shoals:3)
  12 withered plants (D:9)
969 creatures vanquished.

Grand Total: 2763 creatures vanquished

Notes
Turn   | Place    | Note
-------+----------+-------------------------------------------
     0 | D:1      | ragingrage the Kobold Hedge Wizard began the quest for the
                  | Orb.
     0 | D:1      | Reached XP level 1. HP: 10/10 MP: 4/4
   287 | D:1      | Reached XP level 2. HP: 15/15 MP: 1/6
  1287 | D:1      | Learned a level 2 spell: Call Imp
  1329 | D:2      | Reached XP level 3. HP: 16/19 MP: 1/8
  1804 | D:2      | Got the Essays on Conflagration
  1835 | D:2      | Learned a level 1 spell: Foxfire
  1838 | D:2      | Learned a level 2 spell: Blink
  1842 | D:2      | Learned a level 3 spell: Mephitic Cloud
  2105 | D:2      | Reached XP level 4. HP: 24/24 MP: 2/9
  2399 | D:2      | Found a shadowy altar of Dithmenos.
  3426 | D:3      | Found a faded altar of an unknown god.
  3451 | D:3      | Reached skill level 1 in Fire Magic
  3452 | D:3      | Reached skill level 4 in Spellcasting
  3749 | D:3      | Reached XP level 5. HP: 25/28 MP: 5/11
  3962 | D:3      | Found a bloodstained altar of Trog.
  4511 | D:4      | Found a stormy altar of Qazlal.
  4658 | D:4      | Learned a level 2 spell: Scorch
  4981 | D:4      | Found a radiant altar of Vehumet.
  5207 | D:4      | Reached XP level 6. HP: 32/32 MP: 6/12
  5740 | D:4      | Found a glowing golden altar of the Shining One.
  6318 | D:5      | Entered Level 5 of the Dungeon
  6630 | D:5      | Reached XP level 7. HP: 36/36 MP: 10/14
  6734 | D:5      | Found a sand-covered staircase.
  6740 | Ossuary  | Entered an ossuary
  6905 | Ossuary  | Noticed a flying skull
  6905 | Ossuary  | Noticed a wraith
  6916 | Ossuary  | Noticed a flying skull
  6924 | Ossuary  | Noticed a flying skull
  6926 | Ossuary  | Noticed a flying skull
  7042 | Ossuary  | Noticed a wraith
  7167 | D:5      | Reached skill level 5 in Spellcasting
  7676 | D:5      | Reached XP level 8. HP: 38/41 MP: 4/15
  7863 | D:5      | Found a staircase to the Ecumenical Temple.
  7916 | Temple   | Entered the Ecumenical Temple
  7918 | Temple   | Noticed an ice devil
  7919 | Temple   | Noticed an Ice Fiend
  7919 | Temple   | Noticed an Executioner
  7920 | Temple   | Noticed Ygass the pandemonium lord
  7941 | Temple   | Noticed Ashinir the pandemonium lord
  7953 | Temple   | Noticed Figots Vipi the pandemonium lord
  7954 | Temple   | Noticed a ynoxinul
  7970 | Temple   | Noticed a reaper
  7974 | Temple   | Noticed Kaxzuva the pandemonium lord
  7991 | Temple   | Noticed Qurew the pandemonium lord
  7992 | Temple   | Noticed an Ice Fiend
  7992 | Temple   | Noticed a cacodemon
  8006 | Temple   | Noticed a Brimstone Fiend
  8009 | Temple   | Noticed Roloubba the pandemonium lord
  8260 | D:5      | Found an opulent altar of Gozag.
  8279 | D:5      | Reached skill level 5 in Conjurations
  8626 | D:5      | Reached skill level 5 in Fire Magic
  9068 | D:6      | Reached skill level 1 in Fighting
  9394 | D:6      | Found a glowing silver altar of Zin.
  9870 | D:6      | Reached XP level 9. HP: 44/49 MP: 11/16
 10210 | D:6      | Found a runed translucent door.
 10213 | D:6      | Noticed Crazy Yiuf
 10340 | D:6      | Noticed Duvessa
 10345 | D:6      | Noticed Dowan
 10956 | D:6      | You fall into a shaft and drop 3 floors!
 10962 | D:8      | Noticed Prince Ribbit
 10967 | D:8      | Killed Prince Ribbit
 10968 | D:8      | Reached skill level 5 in Dodging
 11677 | D:7      | Found a sacrificial altar of Ru.
 12496 | D:7      | Reached XP level 10. HP: 56/56 MP: 8/17
 12671 | D:7      | Found an ornate altar of the Wu Jian Council.
 13600 | D:8      | Found a runed translucent door.
 13600 | D:8      | Found a shimmering altar of Xom.
 13600 | D:8      | Noticed smilodon's ghost (novice DrHu)
 13600 | D:8      | Noticed a +0 spear of chaos
 14034 | D:8      | Found a broken altar of Ashenzari.
 14408 | D:8      | Found a hazy altar of Hepliaklqana.
 14466 | D:8      | Became a worshipper of Hepliaklqana the Forgotten
 14576 | D:8      | Identified the +11 chain mail of Xacruth {rElec Dex+4}
 14855 | D:8      | Learned a level 5 spell: Iskenderun's Battlesphere
 15350 | D:9      | Identified the +4 hand axe of the Blind Eye {drain, rF-
                  | rC++ Will+ Stlth+}
 16359 | D:9      | Reached XP level 11. HP: 61/61 MP: 10/18
 16392 | D:9      | Reached skill level 10 in Dodging
 16629 | D:9      | Reached skill level 10 in Conjurations
 16955 | D:9      | Noticed a two-headed ogre
 16959 | D:9      | Killed a two-headed ogre
 17535 | D:10     | Entered Level 10 of the Dungeon
 17646 | D:10     | Reached * piety under Hepliaklqana
 17667 | D:10     | Reached skill level 5 in Fighting
 18127 | D:10     | Reached skill level 6 in Spellcasting
 18754 | D:10     | Found a shimmering blue altar of Sif Muna.
 18954 | D:10     | Found a shimmering altar of Xom.
 19806 | D:11     | Noticed a manticore
 19816 | D:11     | Killed a manticore
 19817 | D:11     | Reached skill level 7 in Spellcasting
 19950 | D:11     | Reached XP level 12. HP: 63/63 MP: 6/22
 20411 | D:11     | Reached ** piety under Hepliaklqana
 20412 | D:11     | Remembered your ancestor Eadburga as a knight
 20675 | D:11     | Reached skill level 8 in Spellcasting
 20753 | D:11     | Found a staircase to the Lair.
 20862 | D:11     | Noticed Nergalle
 20863 | D:11     | Noticed a two-headed ogre
 20870 | D:11     | Killed a two-headed ogre
 20871 | D:11     | Reached skill level 1 in Armour
 20874 | D:11     | Killed Nergalle
 20991 | D:12     | Found a gate leading to a gauntlet.
 21031 | Gauntlet | Entered a Gauntlet
 21031 | Gauntlet | Found a transporter.
 21037 | Gauntlet | Found a runed translucent door.
 21048 | Gauntlet | Found a transporter.
 21086 | Gauntlet | Noticed a seven-headed hydra
 21090 | Gauntlet | Found a transporter.
 21101 | Gauntlet | Found a transporter.
 21112 | Gauntlet | Noticed a dire elephant
 21132 | Gauntlet | Found a transporter.
 21147 | Gauntlet | Noticed a fire crab
 21283 | Gauntlet | Found a transporter.
 21302 | Gauntlet | Found a transporter.
 21302 | Gauntlet | Found a transporter.
 21352 | Gauntlet | Found a transporter.
 21352 | Gauntlet | Found a transporter.
 21366 | Gauntlet | Found a transporter.
 21366 | Gauntlet | Found a transporter.
 21807 | Gauntlet | Identified the +2 hat "Atyfacasucs" {Int-4 Dex+3}
 21856 | Gauntlet | Identified the +6 halberd "Asusom" {vamp, +Blink Str+2}
 21856 | Gauntlet | Noticed a minotaur
 21870 | Gauntlet | Identified the +3 robe of Dycvont {rF++ rCorr Dex-5}
 22793 | D:12     | Found a staircase to the Orcish Mines.
 22932 | D:12     | Identified the +5 plate armour of Impressiveness {-Tele
                  | rElec rPois Regen+}
 23346 | D:12     | Reached skill level 9 in Spellcasting
 23506 | Lair:1   | Entered Level 1 of the Lair of Beasts
 23599 | Lair:1   | Learned a level 7 spell: Orb of Destruction
 23701 | Lair:1   | Reached XP level 13. HP: 72/72 MP: 18/26
 23960 | Lair:1   | Noticed Erica
 23963 | Lair:1   | Killed Erica
 24138 | Lair:1   | Reached *** piety under Hepliaklqana
 24518 | Lair:1   | Reached skill level 1 in Invocations
 25129 | Lair:2   | Noticed a catoblepas
 25159 | Lair:2   | Killed a catoblepas
 25272 | Lair:2   | Reached skill level 10 in Fighting
 25353 | Lair:2   | Found a staircase to the Shoals.
 25655 | Lair:2   | Reached **** piety under Hepliaklqana
 26210 | Lair:3   | Reached skill level 10 in Spellcasting
 26720 | Lair:3   | Found a runed translucent gate.
 26721 | Lair:3   | Found a runed translucent gate.
 26722 | Lair:3   | Found a runed translucent gate.
 26770 | Lair:3   | Noticed Snorg
 26780 | Lair:3   | Killed Snorg
 27152 | Lair:3   | Noticed a six-headed hydra
 27158 | Lair:3   | Killed a six-headed hydra
 27391 | Lair:3   | Found a hole to the Spider Nest.
 27954 | Lair:4   | Reached XP level 14. HP: 79/79 MP: 20/28
 28001 | Lair:4   | Learned a level 4 spell: Fulminant Prism
 28013 | Lair:4   | Reached skill level 15 in Conjurations
 28786 | Lair:4   | You fall into a shaft and drop 1 floor!
 28786 | Lair:5   | Entered Level 5 of the Lair of Beasts
 28870 | Lair:4   | Reached ***** piety under Hepliaklqana
 30409 | Lair:5   | Noticed Sonja
 30410 | Lair:5   | Noticed Sonja
 30410 | Lair:5   | Sonja changed into Sonja the rime drake
 30414 | Lair:5   | Killed Sonja the rime drake
 30492 | Lair:5   | Found a viscous altar of Jiyva.
 30493 | Lair:5   | Found a staircase to the Slime Pits.
 30592 | Lair:5   | Noticed Urug
 30601 | Lair:5   | Killed Urug
 31956 | Lair:5   | Reached XP level 15. HP: 83/83 MP: 19/29
 32479 | Orc:1    | Entered Level 1 of the Orcish Mines
 33235 | Orc:2    | Entered Level 2 of the Orcish Mines
 33680 | Orc:2    | Reached skill level 11 in Spellcasting
 33728 | Orc:2    | Found a transporter.
 33762 | Orc:2    | Found a transporter.
 33864 | Orc:2    | Found a staircase to the Elven Halls.
 34117 | Orc:2    | Noticed Donald
 34128 | Orc:2    | Killed Donald
 35065 | Orc:2    | Found Feutaripp's Book Shoppe.
 35065 | Orc:2    | Found Doub's Armour Shop.
 35067 | Orc:2    | Found Dacwant's Book Shoppe.
 35067 | Orc:2    | Found Mefet's Assorted Antiques.
 35074 | Orc:2    | Bought a scroll labelled AKHYBLONAENN for 26 gold pieces
 35074 | Orc:2    | Bought a wand of roots (3) for 187 gold pieces
 35074 | Orc:2    | Bought a scroll of blinking for 195 gold pieces
 35232 | D:13     | Noticed Maurice
 35235 | D:13     | Noticed Maurice
 35235 | D:13     | Maurice changed into Maurice the golden eye
 35235 | D:13     | Killed Maurice the golden eye
 37686 | D:14     | Found a sacrificial altar of Ru.
 37768 | D:14     | Reached skill level 12 in Spellcasting
 37848 | D:14     | Found a gate to the Vaults.
 38033 | D:14     | Reached XP level 16. HP: 79/90 MP: 26/32
 38065 | D:14     | Got the Volume of Meteoric Direction
 38753 | D:15     | Entered Level 15 of the Dungeon
 38943 | D:15     | Found a huge runed gate.
 38944 | D:15     | Noticed Agnes
 39005 | D:15     | Noticed Nessos
 39258 | D:15     | Killed Nessos
 39392 | D:15     | Noticed Azrael
 39599 | D:15     | Found a huge runed gate.
 39599 | D:15     | Found a huge runed gate.
 39599 | D:15     | Found a huge runed gate.
 39599 | D:15     | Found a huge runed gate.
 39625 | D:15     | Killed Azrael
 39720 | D:15     | Found a huge runed gate.
 39720 | D:15     | Found a huge runed gate.
 39996 | D:6      | Killed Duvessa
 39999 | D:6      | Killed Dowan
 40004 | D:6      | Found an iron altar of Okawaru.
 40156 | D:6      | Killed Crazy Yiuf
 40268 | D:8      | Killed smilodon's ghost
 40569 | Spider:1 | Entered Level 1 of the Spider Nest
 40854 | Spider:1 | Learned a level 2 spell: Searing Ray
 42085 | Spider:1 | Noticed Frances
 42098 | Spider:1 | Killed Frances
 43320 | Spider:2 | Reached XP level 17. HP: 97/97 MP: 29/33
 43574 | Spider:2 | Reached skill level 13 in Spellcasting
 46937 | Spider:3 | Reached ****** piety under Hepliaklqana
 47102 | Spider:3 | Found a hide-covered altar of Uskayaw.
 47273 | Spider:3 | Reached skill level 14 in Spellcasting
 47352 | Spider:3 | Noticed Arachne
 47382 | Spider:3 | Killed Arachne
 47621 | Spider:3 | Identified the +0 chain mail of Pathos {rPois rC- Str+6
                  | SInv}
 47884 | Spider:4 | Entered Level 4 of the Spider Nest
 48136 | Shoals:1 | Entered Level 1 of the Shoals
 48479 | Shoals:1 | Got Cashreso's Grimoire of Weather
 48717 | Shoals:1 | Reached XP level 18. HP: 106/106 MP: 18/36
 48867 | Shoals:1 | Reached skill level 15 in Fighting
 50760 | Shoals:3 | Identified the +6 whip of the Lonely Dances {holy, Dex+2}
 50796 | Shoals:3 | Reached skill level 1 in Evocations
 51898 | Shoals:3 | Noticed a kraken
 51982 | Shoals:3 | Found Puenot's Mayhem Merchandise.
 52113 | Shoals:3 | Reached skill level 5 in Invocations
 52424 | Shoals:4 | Entered Level 4 of the Shoals
 52424 | Shoals:4 | Found Sodwir's Book Shop.
 53313 | Shoals:4 | Learned a level 3 spell: Stone Arrow
 53403 | Shoals:4 | Noticed Ilsuiw
 53788 | Shoals:4 | Reached skill level 1 in Earth Magic
 54119 | Shoals:4 | Reached skill level 5 in Evocations
 54449 | Shoals:4 | Got a barnacled rune of Zot
 54717 | Spider:4 | Reached skill level 15 in Dodging
 55271 | Spider:4 | Reached XP level 19. HP: 111/111 MP: 26/37
 55494 | Spider:4 | Identified the +1 robe "Ruos" {rElec rPois rCorr Str+4}
 57386 | Spider:4 | Reached skill level 5 in Earth Magic
 58472 | Spider:4 | Got a gossamer rune of Zot
 59064 | Elf:1    | Entered Level 1 of the Elven Halls
 59082 | Elf:1    | Noticed Aizul
 59088 | Elf:1    | Killed Aizul
 59437 | Elf:1    | Noticed Louise
 59547 | Elf:1    | Reached XP level 20. HP: 116/116 MP: 29/38
 59614 | Elf:1    | Reached XP level 21. HP: 120/120 MP: 39/39
 59926 | Elf:1    | Found a huge runed gate.
 59926 | Elf:1    | Found a huge runed gate.
 59926 | Elf:1    | Found a huge runed gate.
 59926 | Elf:1    | Found a huge runed gate.
 59926 | Elf:1    | Found a huge runed gate.
 59926 | Elf:1    | Found a huge runed gate.
 59927 | Elf:1    | Found a huge runed gate.
 59931 | Elf:1    | Found a huge runed gate.
 59932 | Elf:1    | Found a huge runed gate.
 59933 | Elf:1    | Found a huge runed gate.
 60054 | Elf:1    | Reached skill level 15 in Spellcasting
 60325 | Elf:1    | Found a huge runed gate.
 60325 | Elf:1    | Found a huge runed gate.
 60325 | Elf:1    | Found a huge runed gate.
 60326 | Elf:1    | Found a huge runed gate.
 60335 | Elf:1    | Found a huge runed gate.
 60336 | Elf:1    | Found a huge runed gate.
 60337 | Elf:1    | Found a huge runed gate.
 60338 | Elf:1    | Found a huge runed gate.
 60339 | Elf:1    | Found a huge runed gate.
 60344 | Elf:1    | Found a huge runed gate.
 60344 | Elf:1    | Found a huge runed gate.
 60344 | Elf:1    | Found a huge runed gate.
 60345 | Elf:1    | Found a huge runed gate.
 60346 | Elf:1    | Found a huge runed gate.
 60347 | Elf:1    | Found a huge runed gate.
 60348 | Elf:1    | Found a huge runed gate.
 60349 | Elf:1    | Found a huge runed gate.
 60350 | Elf:1    | Found a huge runed gate.
 60355 | Elf:1    | Found a huge runed gate.
 60355 | Elf:1    | Found a huge runed gate.
 60355 | Elf:1    | Found a huge runed gate.
 60356 | Elf:1    | Found a huge runed gate.
 60394 | Elf:1    | Found a huge runed gate.
 60395 | Elf:1    | Found a huge runed gate.
 60397 | Elf:1    | Found a huge runed gate.
 60403 | Elf:1    | Found a huge runed gate.
 60458 | Elf:1    | Identified the +5 spear "Noefutz" {venom, rF- Int-4 Dex+6
                  | SInv}
 61305 | Elf:2    | Found a runed translucent gate.
 61306 | Elf:2    | Found a runed translucent gate.
 61306 | Elf:2    | Found a runed translucent gate.
 61485 | Elf:3    | Entered Level 3 of the Elven Halls
 61714 | Elf:3    | Found a gateway to a bazaar.
 63291 | Elf:3    | Reached skill level 10 in Earth Magic
 63360 | Elf:3    | Identified the +6 scimitar "Kobold's Curse" {drain, rC+++
                  | rCorr Str+3 Dex-3}
 63457 | Elf:3    | Reached skill level 16 in Spellcasting
 63810 | Elf:3    | HP: 6/120 [deep elf blademaster/+0 rapier (20)]
 63838 | Elf:3    | Identified the +2 plate armour of Ocoev {Drain rC+ rN++}
 64181 | Elf:3    | Identified the +2 robe "Xowyrogg" {rN+ Regen+ Int+3}
 64189 | Elf:3    | Reached skill level 1 in Shields
 64671 | Elf:3    | Identified the +2 sling of Hiabbel {flame, Str+4}
 64947 | Vaults:1 | Entered Level 1 of the Vaults
 65155 | Vaults:1 | Reached skill level 17 in Spellcasting
 65889 | Vaults:1 | Reached XP level 22. HP: 101/126 MP: 26/43
 66532 | Vaults:1 | Identified the ring "Naweda Fuir" {*Corrode Will- Int+6
                  | Dex+9 SInv}
 66533 | Vaults:1 | Reached skill level 18 in Spellcasting
 68248 | Vaults:2 | Noticed Xtahua
 68258 | Vaults:2 | Killed Xtahua
 68730 | Vaults:2 | Reached skill level 10 in Evocations
 69866 | Vaults:2 | Found Jesipsekeb's Antique Armour Shoppe.
 69872 | Vaults:2 | Bought a pair of runed boots for 315 gold pieces
 70628 | Vaults:2 | Found a white marble altar of Elyvilon.
 70628 | Vaults:2 | Found a glowing golden altar of the Shining One.
 70628 | Vaults:2 | Found a glowing silver altar of Zin.
 72034 | Vaults:3 | Reached skill level 19 in Spellcasting
 72034 | Vaults:3 | Reached XP level 23. HP: 92/129 MP: 20/46
 72401 | Vaults:3 | Found a staircase to the Crypt.
 72855 | Vaults:3 | Learned a level 6 spell: Iron Shot
 76429 | Slime:1  | Entered Level 1 of the Pits of Slime
 76663 | Lair:5   | Reached skill level 20 in Spellcasting
 77198 | Vaults:5 | Entered Level 5 of the Vaults
 77230 | Vaults:5 | Noticed a golden dragon
 77374 | Vaults:5 | Found Qaul Kuph's Distillery.
 77386 | Vaults:5 | Noticed a golden dragon
 77940 | Vaults:5 | Reached skill level 5 in Stealth
 77966 | Vaults:5 | Reached skill level 15 in Evocations
 78330 | Vaults:5 | Killed a golden dragon
 78331 | Vaults:5 | Reached XP level 24. HP: 127/135 MP: 34/47
 79767 | Vaults:5 | Noticed a golden dragon
 79779 | Vaults:5 | Killed a golden dragon
 80215 | Vaults:5 | Reached skill level 21 in Spellcasting
 80591 | Vaults:5 | Found Datei's Distillery.
 80596 | Vaults:5 | Bought a potion of heal wounds for 75 gold pieces
 80596 | Vaults:5 | Bought a potion of haste for 150 gold pieces
 80603 | Vaults:5 | Found Buitat's Magic Scroll Shoppe.
 80603 | Vaults:5 | Found Vyoj's Distillery.
 80608 | Vaults:5 | Bought a scroll of teleportation for 57 gold pieces
 80615 | Vaults:5 | Bought a potion of resistance for 170 gold pieces
 80615 | Vaults:5 | Bought a potion of heal wounds for 85 gold pieces
 80628 | Vaults:5 | Reached skill level 10 in Stealth
 80857 | Vaults:5 | Found Vihuh's Jewellery Shoppe.
 80860 | Vaults:5 | Found Hatreige's Antique Armour Boutique.
 80866 | Vaults:5 | Bought a pair of runed boots for 285 gold pieces
 80959 | Vaults:5 | Killed a golden dragon
 81858 | Vaults:5 | Identified a scroll of acquirement
 82140 | Vaults:5 | Acquired the ring "Siuwnoiq" {rPois rF+ Int+3 Dex+3 Slay+4}
 82210 | Vaults:5 | Found Qien's Distillery.
 82249 | Vaults:5 | Found Duil's Distillery.
 82305 | Vaults:5 | Found Wymiodij's Antique Armour Shop.
 82310 | Vaults:5 | Bought a pair of encrusted boots for 294 gold pieces
 82310 | Vaults:5 | Identified the +2 pair of boots "Riogetah" {rElec rPois
                  | rC-} (You bought it in a shop on level 5 of the Vaults)
 82522 | Vaults:5 | Got a silver rune of Zot
 82824 | Bazaar   | Entered a bazaar
 82841 | Bazaar   | Found Xumoimi's Jewellery Shoppe.
 82848 | Bazaar   | Bought the ring "Irghurio" {rN+ Str+7 Int+6} for 680 gold
                  | pieces
 82855 | Bazaar   | Found Wimunn's Weapon Shoppe.
 82882 | Bazaar   | Found Iphe's Antique Weapon Emporium.
 82896 | Bazaar   | Found Adifruni's Antique Weapon Emporium.
 82903 | Bazaar   | Bought a transparent war axe for 170 gold pieces
 82903 | Bazaar   | Identified the +8 war axe of Jeavorph {flame, Fragile rElec
                  | rC+ Int+2} (You bought it in a shop in a bazaar)
 83410 | Orc:2    | Noticed Thoth777's ghost (journeyman TrFi)
 83419 | Orc:2    | Killed Thoth777's ghost
 83457 | Orc:2    | Identified the amulet of the Seeker {Regen+ Str+4}
 84016 | D:15     | Found a staircase to the Depths.
 84258 | D:15     | Found a huge runed gate.
 84258 | D:15     | Found a huge runed gate.
 84258 | D:15     | Found a huge runed gate.
 84258 | D:15     | Found a huge runed gate.
 84258 | D:15     | Found a huge runed gate.
 84259 | D:15     | Found a huge runed gate.
 84260 | D:15     | Found a huge runed gate.
 84263 | D:15     | Found a huge runed gate.
 84263 | D:15     | Found a huge runed gate.
 84263 | D:15     | Found a huge runed gate.
 84264 | D:15     | Found a huge runed gate.
 84265 | D:15     | Found a huge runed gate.
 84267 | D:15     | Found a huge runed gate.
 84273 | D:15     | Found a huge runed gate.
 84274 | D:15     | Found a huge runed gate.
 84280 | D:15     | Found a huge runed gate.
 84281 | D:15     | Found a huge runed gate.
 84282 | D:15     | Found a huge runed gate.
 84283 | D:15     | Found a huge runed gate.
 84288 | D:15     | Found a huge runed gate.
 84288 | D:15     | Found a huge runed gate.
 84288 | D:15     | Found a huge runed gate.
 84289 | D:15     | Found a huge runed gate.
 84290 | D:15     | Found a huge runed gate.
 84291 | D:15     | Found a huge runed gate.
 84292 | D:15     | Found a huge runed gate.
 84295 | D:15     | Found a huge runed gate.
 84300 | D:15     | Found a huge runed gate.
 84300 | D:15     | Found a huge runed gate.
 84567 | D:15     | Killed Agnes
 84809 | D:15     | Noticed MuffinSoup's ghost (journeyman OpHW)
 84809 | D:15     | Noticed Ruat's ghost (adept DECj)
 84809 | D:15     | Noticed Kefanin's ghost (adept GrEE)
 84809 | D:15     | Noticed Uwkoecio's ghost (journeyman HOFi)
 84810 | D:15     | Noticed Xiestris's ghost (journeyman DsGl)
 84813 | D:15     | Killed Ruat's ghost
 84818 | D:15     | Killed MuffinSoup's ghost
 84819 | D:15     | Noticed Jussuw Iff's ghost (adept KoGl)
 84821 | D:15     | Noticed Vuirau's ghost (journeyman DsGl)
 84824 | D:15     | Killed Kefanin's ghost
 84825 | D:15     | Killed Jussuw Iff's ghost
 84829 | D:15     | Killed Uwkoecio's ghost
 85026 | D:15     | Killed Vuirau's ghost
 85027 | D:15     | Reached XP level 25. HP: 139/139 MP: 32/48
 85124 | D:15     | Killed Xiestris's ghost
 85157 | D:15     | Identified the ring "Fuuf" {rElec Will+ rCorr MP+9}
 85163 | D:15     | Identified the +0 pair of gloves "Qimet" {Contam rN++
                  | Int+9}
 85419 | Vaults:5 | Bought a transparent scale mail for 342 gold pieces
 85419 | Vaults:5 | Identified the +6 scale mail of Makhleb's Condemnation
                  | {rC+} (You bought it in a shop on level 5 of the Vaults)
 85709 | Shoals:4 | Bought a book of Armaments for 504 gold pieces
 85718 | Shoals:4 | Learned a level 8 spell: Lehudib's Crystal Spear
 85913 | Depths:1 | Entered Level 1 of the Depths
 86119 | Depths:1 | Found a transporter.
 86122 | Depths:1 | Found a transporter.
 86183 | Depths:1 | Found Tavvicki's Jewellery Boutique.
 86183 | Depths:1 | Found Cal Juy's Jewellery Boutique.
 86184 | Depths:1 | Found Herr's Book Emporium.
 86190 | Depths:1 | Bought a book of Blasting for 448 gold pieces
 86195 | Depths:1 | Learned a level 4 spell: Iskenderun's Mystic Blast
 86241 | Depths:1 | Found a transporter.
 86427 | Depths:1 | Found a runed translucent door.
 86427 | Depths:1 | Found the +9 sword of Zonguldrok {reap}
 86531 | Depths:1 | Found a transporter.
 86685 | Depths:1 | Found a transporter.
 86686 | Depths:1 | Found a transporter.
 87195 | Depths:1 | Found a gateway to Hell.
 87282 | Depths:1 | Found a portal to a secret trove of treasure.
 87305 | Depths:1 | Found an opulent altar of Gozag.
 87819 | Depths:1 | You fall into a shaft and drop 1 floor!
 87850 | Depths:2 | Found a one-way gate leading to the halls of Pandemonium.
 88257 | Depths:2 | Reached skill level 22 in Spellcasting
 88345 | Depths:2 | Reached skill level 5 in Armour
 88903 | Depths:2 | Noticed Vv
 89067 | Depths:2 | Killed Vv
 89414 | Depths:2 | Learned a level 4 spell: Leda's Liquefaction
 90559 | Depths:3 | Noticed Jory
 90564 | Depths:3 | Killed Jory
 90869 | Depths:3 | Found Cinwuhol's Weapon Shop.
 91056 | Depths:3 | Found Qytad's Weapon Boutique.
 91115 | Depths:3 | Found a one-way gate to the infinite horrors of the Abyss.
 91120 | Depths:3 | Learned a level 3 spell: Swiftness
 91148 | Depths:3 | Found Taiho's Book Shop.
 91587 | Depths:3 | Noticed Mara
 91593 | Depths:3 | Killed Mara
 91683 | Depths:3 | Found Kuuhyhorgh's Book Shop.
 92204 | Depths:3 | Noticed a juggernaut
 92210 | Depths:3 | Killed a juggernaut
 92279 | Depths:3 | Reached skill level 5 in Shields
 92656 | Depths:3 | Identified the +5 sling "Giant's Death" {flame, rN+ Will+++
                  | Str-3 Dex-3}
 92682 | Depths:3 | Noticed a juggernaut
 92687 | Depths:3 | Killed a juggernaut
 92892 | Depths:3 | Noticed a juggernaut
 92896 | Depths:3 | Killed a juggernaut
 93284 | Depths:4 | Entered Level 4 of the Depths
 93285 | Depths:4 | Identified the ring of Cillauc {Ice rPois Dex+4}
 93464 | Depths:4 | Reached XP level 26. HP: 144/144 MP: 27/49
 94079 | Depths:4 | Found the +3 Mad Mage's Maulers {Infuse+∞ RegenMP Int-3}
 94768 | Depths:4 | Found a gate to the Realm of Zot.
 95299 | Depths:4 | Found a one-way gateway to a ziggurat.
 96122 | Zot:1    | Entered Level 1 of the Realm of Zot
 96642 | Zot:1    | Reached skill level 15 in Earth Magic
 97700 | Zot:1    | Noticed an orb of fire
 97710 | Zot:1    | Killed an orb of fire
 97827 | Zot:1    | Slain by a death cob

Illustrated notes

Levels and vault maps discovered:
D:1:      amcnicky_arrival_blooded_trapdoor, layout_loops_ring
D:2:      layout_rooms, basic_altar
D:3:      minmay_roachtagon, layout_rooms, mainiacjoe_overflow_cross_hatched,
          shapermc_ecumenical_altar_hornbeckon
D:4:      layout_loops_corners, tso_altar, nicolae_vehumet_radiance,
          grunt_qazlal_sundering, roderic_serpentine_path
D:5:      layout_loops_corners, mainiacjoe_overflow_catwalk,
          minmay_temple_entry_mini_moons, nicolae_ossuary_entry_plus
D:6:      layout_layer_cave, mainiacjoe_overflow_brackets,
          okawaru_altar_gauntlet_db, uniq_crazy_yiuf_cottage, uniq_duvessa
D:7:      hellmonk_destroyed_diamonds, layout_loops_ring,
          nicolae_overflow_crystal_walls, general_overflow_altar, st_stairs_5,
          nicolae_lava_and_water, water_boxes_lemuel
D:8:      layout_loops_ring, nzn_hepliaklqana_mist_gate,
          mainiacjoe_overflow_alcove_2, ebering_ghost_xom, uniq_prince_ribbit1
D:9:      layout_loops_ring, serial_undead, serial_undead_d, serial_undead_c,
          serial_undead_f, serial_undead_b, serial_undead_b, serial_undead_f,
          serial_undead_f
D:10:     layout_stronghold, mainiacjoe_overflow_chevrons, kennysheep_mini_moat
D:11:     layout_gridville, minmay_lair_entry_grove, uniq_nergalle
D:12:     layout_rooms, zombieorc2_lemuel, gauntlet_entry_generic
D:13:     layout_long_grid, uniq_maurice
D:14:     layout_roguey, hangedman_vaults_entry_quadrant_bands,
          serial_bayou_ford_a, nicolae_ru_sacrificial_ziggurat
D:15:     hangedman_depths_entry_try_elsewhere_first, layout_loops_ring,
          gammafunk_ghost_door_vault, hangedman_abyss_or_decor_slice,
          uniq_agnes, uniq_nessos, uniq_azrael
Temple:   nicolae_temple_panitentiary
Lair:1:   layout_regular_city, uniq_erica
Lair:2:   layout_cave_pods, elwin_shoals_entry_stream, grunt_megastairs_4,
          lemuel_fruit_tree
Lair:3:   layout_gridlike, nicolae_spider_entry_orb_guardian,
          gammafunk_ghost_necromancy, uniq_snorg
Lair:4:   layout_long_grid, serial_forest, infiniplex_forest_clump_double,
          infiniplex_forest_lined_3_way, infiniplex_forest_clump_medium,
          infiniplex_forest_zigzag_1, infiniplex_forest_clump_large,
          infiniplex_forest_end_2, infiniplex_forest_fountain,
          infiniplex_forest_end_3, infiniplex_forest_lined_3
Lair:5:   evilmike_catoblepas_cave, layout_gridlike, slime_entry_1,
          nicolae_lair_lil_pond, hangedman_lair_unloving_vines, uniq_urug,
          uniq_sonja
Shoals:1: layout_shoals
Shoals:2: layout_shoals
Shoals:3: layout_shoals, minmay_shop_mayhem
Shoals:4: shoals_end_hangedman, layout_shoals, shoals_ilsuiw_alternative,
          serial_shops, nicolae_shop_hallway_stairs
Spider:1: layout_spider_delve, uniq_frances
Spider:2: layout_chambers, hangedman_spider_tarantella_strand
Spider:3: nicolae_spider_mines_3, nicolae_spider_altar_of_dancing,
          nicolae_spider_cling_halls, uniq_arachne
Spider:4: johnstein_spider_rune_arachne_lair, drop_trap
Slime:1:  layout_caves
Orc:1:    layout_caves, mines2_lemuel
Orc:2:    grunt_orc_tribal_feast, layout_diamond_mine,
          gammafunk_ghost_berserking_beasts, uniq_donald
Elf:1:    minmay_elf_arrival_plus, layout_loops_ring,
          portal_ice_cave_entry_pillars_1, hangedman_elven_crosses_minicolossus,
          drop_trap, door_vault, uniq_aizul, uniq_louise
Elf:2:    nicolae_elf_blades_crystal_corner, layout_loops_cross
Elf:3:    minmay_elf_hall_x, layout_loops_cross, serial_shops, bzr_entry_safe
Vaults:1: hangedman_vaults_variations, vaults_standard_mumra_x,
          nicolae_vaults_windows_and_doors_thing, grunt_vaults_focal,
          vaults_room_pool, v_alt_pattern_3, hangedman_vaults_stitches,
          ontoclasm_vaults_idyll, nicolae_vaults_meeting, ontoclasm_vaults_eye,
          vaults_room_door_ring, nicolae_vaults_little_squares_4,
          layout_vaults_chaotic_city
Vaults:2: portal_desolation_entry_holy_temple, hangedman_vaults_stagger,
          nicolae_vaults_diagonal_hallway_7, v_misc_17,
          nicolae_vaults_network_s, grunt_vaults_swirl,
          nicolae_vaults_ring_of_whatevers, hangedman_vaults_trim,
          v_alt_pattern_3, hangedman_vaults_maws, vaults_room_stairs_pillars,
          layout_vaults_big_cross, serial_shops,
          nicolae_shop_overgrown_old_shop, uniq_xtahua
Vaults:3: minmay_crypt_entry_simple_walls, nicolae_vaults_stairing_the_circle,
          vaults_mumra_chevron, ontoclasm_vaults_shuriken,
          nicolae_vaults_sealed_display, v_rooms_3, ontoclasm_vaults_pinch,
          dpeg_vaults_monster_box, nicolae_vaults_rhombus_5, vaults_dpeg_ring,
          hangedman_vaults_nails, hangedman_vaults_restitches,
          layout_vaults_maze_bifur
Vaults:4: ontoclasm_vaults_spin, ontoclasm_vaults_hangar, v_misc_27,
          ontoclasm_vaults_fault, v_misc_3, nicolae_vaults_network_square,
          hangedman_vaults_capsules, grunt_vaults_diagonal,
          ontoclasm_vaults_chip, vaults_room_hangedman_quadrants,
          nicolae_vaults_theta, layout_vaults_quadrants
Vaults:5
Depths:1: layout_honeycomb, pf_hell_entry_tar_spiral, enter_trove_2,
          grunt_gozag_statues, minmay_st_funbox, chequers_serial_rivers_micro_d,
          serial_nicolae_subway, nicolae_sub_station_metal,
          nicolae_sub_station_crystal, nicolae_sub_station_stone,
          minmay_shop_grove, serial_bayou_shore_a
Depths:2: minmay_diamond_stairs, layout_honeycomb, serial_rivers,
          chequers_serial_rivers_room_b, chequers_serial_rivers_micro_b,
          chequers_serial_rivers_room_a, chequers_serial_rivers_small_3,
          chequers_serial_rivers_small_b, chequers_serial_rivers_micro_e,
          grunt_hell_entry_dis_old, nicolae_figureground_sparkle,
          rand_demon_pan_entry_9, uniq_vv
Depths:3: four-leaf_vault, layout_cave_shapes, hell_entry, serial_shops, shop,
          nicolae_shop_bloodbath_and_beyond, nicolae_shop_trees,
          nicolae_shop_waterfront, abyss_entry_crystal, rand_demon_pan_entry_8,
          minmay_misc_feat_tower, kennysheep_dice, uniq_mara, uniq_jory
Depths:4: grunt_zot_entry_pinwheel, layout_small_grid, ziggurat_fallback,
          grunt_hell_entry_demonic_statue, minmay_misc_feat_tiny,
          hangedman_decor_points
Zot:1:    layout_basic, zot_minivault_6

Skill      XL: |  1  2  3  4  5  6  7  8  9 10 11 12 13 14 15 16 17 18 19 20 21 22 23 24 25 26 |
---------------+-------------------------------------------------------------------------------+-----
Conjurations   | 2 3 4 5 7 9 11 12 14 16 17 18 19 20 21 | 21.0
Summonings     | 2 3 |  3.7
Fire Magic     | 1 2 3 5 7 |  7.0
Spellcasting   | 4 5 7 9 10 12 14 17 19 20 21 22 | 22.0
Fighting       | 2 4 6 9 10 12 13 14 15 | 15.0
Dodging        | 4 6 9 10 11 12 14 15 16 17 | 17.0
Armour         | 2 4 7 8 |  8.8
Invocations    | 2 4 6 7 |  7.0
Translocations | 2 |  2.1
Evocations     | 5 9 11 15 | 15.0
Earth Magic    | 3 7 10 12 14 15 | 15.2
Shields        | 2 5 7 |  7.5
Stealth        | 5 10 | 10.0

Action                   |  1- 3 |  4- 6 |  7- 9 | 10-12 | 13-15 | 16-18 | 19-21 | 22-24 | 25-27 || total
-------------------------+-------+-------+-------+-------+-------+-------+-------+-------+-------++-------
Melee: Short sword       |    18 |    48 |     8 |       |       |       |       |       |       ||    74
       Dagger            |     5 |       |       |     4 |       |       |       |       |       ||     9
       Punch             |       |     1 |     2 |       |       |       |       |       |       ||     3
       Whip              |       |       |    36 |       |    11 |       |       |       |       ||    47
       Staff             |       |       |       |    46 |     6 |    14 |    17 |    12 |     7 ||   102
Throw: Dart              |       |       |       |       |     1 |     2 |     1 |     5 |       ||     9
       Throwing net      |       |       |       |       |       |       |     2 |       |       ||     2
 Cast: Magic Dart        |    44 |     3 |    11 |   425 |   633 |   665 |   268 |    66 |     1 ||  2116
       Call Imp          |     4 |     5 |     2 |       |       |     1 |       |     1 |       ||    13
       Foxfire           |    17 |   131 |   111 |     8 |       |       |       |       |       ||   267
       Scorch            |       |     1 |    89 |    55 |     1 |     1 |       |       |       ||   147
       Mephitic Cloud    |       |       |     3 |    21 |    25 |    25 |     5 |    15 |     1 ||    95
       Iskenderun's Batt |       |       |       |    66 |    99 |   136 |    79 |   119 |    67 ||   566
       Blink             |       |       |       |     2 |     3 |     1 |     1 |     5 |       ||    12
       Fulminant Prism   |       |       |       |       |    34 |    36 |    12 |    13 |     9 ||   104
       Orb of Destructio |       |       |       |       |     1 |     9 |     1 |       |     2 ||    13
       Searing Ray       |       |       |       |       |       |    60 |     3 |     6 |       ||    69
       Stone Arrow       |       |       |       |       |       |    38 |   234 |   731 |   386 ||  1389
       Iron Shot         |       |       |       |       |       |       |       |    39 |    73 ||   112
       Lehudib's Crystal |       |       |       |       |       |       |       |       |     7 ||     7
       Leda's Liquefacti |       |       |       |       |       |       |       |       |     6 ||     6
       Iskenderun's Myst |       |       |       |       |       |       |       |       |     8 ||     8
Invok: Recall Ancestor   |       |       |       |     1 |     4 |     7 |     1 |     8 |     5 ||    26
       Ancestor Life: Kn |       |       |       |     1 |       |       |       |       |       ||     1
       Idealise          |       |       |       |       |     3 |     1 |     1 |     4 |       ||     9
       Transference      |       |       |       |       |       |     2 |       |     1 |       ||     3
Evoke: Wand              |       |       |       |       |     8 |     9 |     3 |     1 |       ||    21
       Box of beasts     |       |       |       |       |     1 |     2 |     3 |     2 |     3 ||    11
       Condenser vane    |       |       |       |       |       |       |       |     3 |     2 ||     5
  Use: Scroll            |       |     2 |     9 |     9 |    10 |     9 |     7 |     8 |     3 ||    57
       Potion            |       |     1 |     1 |     1 |       |     6 |     3 |     5 |       ||    17
 Stab: Sleeping          |     1 |     2 |       |       |       |       |       |       |       ||     3
       Confused          |       |       |     1 |       |     1 |     1 |       |       |       ||     3
       Distracted        |       |       |       |       |       |       |       |     1 |       ||     1
Armor: Robe              |    10 |    15 |    23 |    67 |       |       |    68 |    54 |       ||   237
       Troll leather arm |       |       |       |     5 |    69 |    99 |       |       |       ||   173
       Scale mail        |       |       |       |       |       |       |       |       |    65 ||    65
Dodge: Dodged            |    25 |    83 |    89 |   216 |   184 |   500 |   235 |   261 |   140 ||  1733
       Repelled          |       |       |       |       |       |     3 |       |       |       ||     3
